[ AOE2 MATCH · #477984707 ]
UnrankedKhmer vs Persians
[ REPLAY ANALYSIS · EXTRACTED FROM THE RECORDED GAME ]
Feudal
12:30
Castle
16:00
Imperial
30:28
| APM avg | 25.7 |
| APM peak | 73 |
| eAPM avg | 17.3 |
| Villagers / military | 149 / 57 |
Focus
⚔️ 21.3% · 🌾 78.7%
Knight ×54 · Trebuchet (Packed) ×3 · Trade Cart ×2
Feudal
11:38
Castle
15:03
Imperial
29:51
| APM avg | 51.8 |
| APM peak | 94 |
| eAPM avg | 35.4 |
| Villagers / military | 169 / 357 |
Focus
⚔️ 38.5% · 🌾 61.5%
Scout Cavalry ×174 · Knight ×116 · Archer ×33 · Hand Cannoneer ×28 · Trade Cart ×26 · Monk ×2
Feudal
14:33
Castle
19:21
Imperial
36:48
| APM avg | 38.7 |
| APM peak | 101 |
| eAPM avg | 17.9 |
| Villagers / military | 87 / 32 |
Focus
⚔️ 28.7% · 🌾 71.3%
Plumed Archer ×27 · Mangonel ×3 · Monk ×1 · Battering Ram ×1
Feudal
13:35
Castle
17:16
Imperial
30:46
| APM avg | 38.0 |
| APM peak | 81 |
| eAPM avg | 25.5 |
| Villagers / military | 147 / 153 |
Focus
⚔️ 28.6% · 🌾 71.4%
Eagle Scout ×115 · Spearman ×30 · Mangonel ×4 · Trebuchet (Packed) ×4
Feudal
13:11
Castle
16:41
Imperial
31:17
| APM avg | 20.2 |
| APM peak | 57 |
| eAPM avg | 15.2 |
| Villagers / military | 201 / 152 |
Focus
⚔️ 21.5% · 🌾 78.5%
Longbowman ×147 · Trade Cart ×34 · Battering Ram ×4 · Mangonel ×1
Feudal
13:09
Castle
25:41
Imperial
45:19
| APM avg | 39.4 |
| APM peak | 88 |
| eAPM avg | 28.8 |
| Villagers / military | 119 / 124 |
Focus
⚔️ 32.1% · 🌾 67.9%
Militia ×63 · Skirmisher ×52 · Spearman ×7 · Mangonel ×2
Feudal
12:40
Castle
16:34
Imperial
36:45
| APM avg | 58.3 |
| APM peak | 102 |
| eAPM avg | 27.6 |
| Villagers / military | 138 / 94 |
Focus
⚔️ 29.3% · 🌾 70.7%
Arambai ×30 · Cavalry Archer ×29 · Skirmisher ×24 · Trade Cart ×11 · Petard ×4 · Bombard Cannon ×4
Feudal
12:53
Castle
17:00
Imperial
31:29
| APM avg | 44.2 |
| APM peak | 191 |
| eAPM avg | 33.2 |
| Villagers / military | 213 / 291 |
Focus
⚔️ 25.6% · 🌾 74.4%
Spearman ×261 · Bombard Cannon ×21 · Militia ×5 · Hussite Wagon ×3 · Monk ×1
Match map
Initial resources + every placement click. Lines = walls · curves = elevation contours. ◆ gold · ⬟ stone · ● berries · ✦ relic · ◌ wall gap
Your base· ✓ Closed at 16:00 · 0t walls · no gate
AirMo 1688's base· ✓ Closed at 15:03 · 8t walls · no gate
Agro's base· ✓ Closed at 19:21 · 47t walls · no gate
BR's base· ✓ Closed at 17:16 · 29t walls · no gate
Air me's base· ✓ Closed at 16:41 · 29t walls · no gate
拿捏木村's base· ✓ Closed at 25:41 · 73t walls · no gate
knife's base· ✓ Closed at 16:34 · 41t walls · 1 gate(s)
N B's base· ✓ Closed at 17:00 · 33t walls · no gate
Smoothed initial terrain · ◌ = detected wall gap · hover for details
Inputs per minute
— 敬爱与明天 - - AirMo 1688
Build order — 敬爱与明天
First 150 of 381 actions detected
| 0:01 | Create | Villager (Male) |
| 0:01 | Create | Villager (Male) |
| 0:02 | Build | House |
| 0:04 | Build | House |
| 0:04 | Create | Villager (Male) |
| 0:16 | Create | Villager (Male) |
| 1:14 | Create | Villager (Male) |
| 1:14 | Create | Villager (Male) |
| 1:58 | Build | Lumber Camp |
| 2:03 | Create | Villager (Male) |
| 2:03 | Create | Villager (Male) |
| 2:43 | Create | Villager (Male) |
| 3:06 | Create | Villager (Male) |
| 3:27 | Create | Villager (Male) |
| 3:55 | Create | Villager (Male) |
| 3:55 | Create | Villager (Male) |
| 4:15 | Build | Mill |
| 4:17 | Create | Villager (Male) |
| 4:17 | Create | Villager (Male) |
| 4:46 | Create | Villager (Male) |
| 4:46 | Create | Villager (Male) |
| 4:52 | Build | House |
| 5:15 | Create | Villager (Male) |
| 5:40 | Create | Villager (Male) |
| 6:02 | Create | Villager (Male) |
| 6:16 | Create | Villager (Male) |
| 6:44 | Create | Villager (Male) |
| 6:50 | Build | House |
| 7:14 | Create | Villager (Male) |
| 7:14 | Create | Villager (Male) |
| 7:14 | Create | Villager (Male) |
| 7:37 | Create | Villager (Male) |
| 7:49 | Build | Farm |
| 7:51 | Build | Farm |
| 8:00 | Build | Mill |
| 8:01 | Create | Villager (Male) |
| 8:11 | Create | Villager (Male) |
| 8:40 | Build | Farm |
| 8:42 | Create | Villager (Male) |
| 8:56 | Build | House |
| 9:26 | Create | Villager (Male) |
| 9:48 | Create | Villager (Male) |
| 10:08 | Build | Mining Camp |
| 10:13 | Research | Feudal Age |
| 10:14 | Research | Feudal Age |
| 10:36 | Build | Farm |
| 10:37 | Build | Farm |
| 10:38 | Build | Farm |
| 11:01 | Build | Farm |
| 11:03 | Build | Farm |
| 12:08 | Build | Farm |
| 12:11 | Build | Farm |
| 12:26 | Create | Villager (Male) |
| 12:30 | Age | Feudal Age |
| 12:55 | Create | Villager (Male) |
| 13:10 | Research | Castle Age |
| 13:11 | Research | Castle Age |
| 13:20 | Build | Lumber Camp |
| 14:16 | Build | Mining Camp |
| 14:24 | Build | House |
| 14:38 | Research | Horse Collar |
| 15:23 | Research | Double-Bit Axe |
| 15:44 | Create | Villager (Male) |
| 15:51 | Create | Villager (Male) |
| 15:52 | Create | Villager (Male) |
| 16:00 | Age | Castle Age |
| 16:34 | Create | Villager (Male) |
| 17:09 | Build | Town Center |
| 17:12 | Create | Villager (Male) |
| 17:20 | Build | House |
| 17:54 | Create | Villager (Male) |
| 18:02 | Create | Villager (Male) |
| 18:08 | Create | Villager (Male) |
| 18:24 | Create | Villager (Male) |
| 18:33 | Create | Villager (Male) |
| 18:45 | Build | House |
| 18:46 | Create | Villager (Male) |
| 18:48 | Create | Villager (Male) |
| 18:50 | Create | Villager (Male) |
| 18:53 | Create | Villager (Male) |
| 19:04 | Create | Villager (Male) |
| 19:15 | Build | Town Center |
| 19:16 | Create | Villager (Male) |
| 19:21 | Build | House |
| 19:21 | Create | Villager (Male) |
| 19:35 | Create | Villager (Male) |
| 19:42 | Create | Villager (Male) |
| 19:47 | Create | Villager (Male) |
| 19:49 | Build | Farm |
| 19:50 | Build | Farm |
| 19:51 | Create | Villager (Male) |
| 20:04 | Build | House |
| 20:04 | Create | Villager (Male) |
| 20:12 | Create | Villager (Male) |
| 20:27 | Create | Villager (Male) |
| 20:34 | Create | Villager (Male) |
| 20:37 | Create | Villager (Male) |
| 20:42 | Create | Villager (Male) |
| 20:51 | Create | Villager (Male) |
| 20:54 | Create | Villager (Male) |
| 21:00 | Create | Villager (Male) |
| 21:17 | Create | Villager (Male) |
| 21:28 | Create | Villager (Male) |
| 21:36 | Build | Stable |
| 21:37 | Create | Villager (Male) |
| 21:53 | Build | Mining Camp |
| 21:54 | Create | Villager (Male) |
| 21:57 | Build | Farm |
| 21:59 | Build | Farm |
| 22:07 | Build | Farm |
| 22:08 | Create | Villager (Male) |
| 22:18 | Create | Villager (Male) |
| 22:25 | Build | Blacksmith |
| 22:28 | Research | Bloodlines |
| 22:29 | Create | Knight |
| 22:30 | Create | Knight |
| 22:35 | Create | Villager (Male) |
| 22:43 | Create | Villager (Male) |
| 22:49 | Build | Farm |
| 22:51 | Build | Farm |
| 22:53 | Build | Farm |
| 22:54 | Build | Farm |
| 22:58 | Create | Villager (Male) |
| 23:01 | Build | Farm |
| 23:03 | Create | Villager (Male) |
| 23:20 | Build | House |
| 23:22 | Build | House |
| 23:24 | Research | Scale Barding Armor |
| 23:30 | Build | Farm |
| 23:33 | Build | Farm |
| 23:37 | Build | Farm |
| 23:38 | Build | Farm |
| 23:42 | Build | Farm |
| 23:52 | Create | Knight |
| 24:08 | Create | Villager (Male) |
| 24:13 | Build | Farm |
| 24:14 | Build | Farm |
| 24:16 | Create | Villager (Male) |
| 24:21 | Build | Farm |
| 24:22 | Build | Farm |
| 24:24 | Build | House |
| 24:25 | Build | House |
| 24:26 | Create | Villager (Male) |
| 24:35 | Create | Villager (Male) |
| 24:38 | Create | Knight |
| 24:46 | Create | Villager (Male) |
| 24:54 | Build | Stable |
| 24:57 | Create | Villager (Male) |
| 25:02 | Build | Farm |
| 25:03 | Build | Farm |
Build order — AirMo 1688
First 150 of 840 actions detected
| 0:01 | Create | Villager (Male) |
| 0:01 | Create | Villager (Male) |
| 0:02 | Build | House |
| 0:03 | Build | House |
| 0:06 | Create | Villager (Male) |
| 0:48 | Create | Villager (Male) |
| 0:48 | Create | Villager (Male) |
| 1:22 | Create | Villager (Male) |
| 1:22 | Create | Villager (Male) |
| 2:06 | Build | Lumber Camp |
| 2:23 | Create | Villager (Male) |
| 2:23 | Create | Villager (Male) |
| 2:23 | Create | Villager (Male) |
| 2:55 | Create | Villager (Male) |
| 2:55 | Create | Villager (Male) |
| 2:55 | Create | Villager (Male) |
| 3:38 | Build | House |
| 3:47 | Create | Villager (Male) |
| 3:55 | Create | Villager (Male) |
| 4:14 | Research | Loom |
| 4:15 | Create | Villager (Male) |
| 4:15 | Create | Villager (Male) |
| 5:12 | Create | Villager (Male) |
| 5:21 | Build | House |
| 5:24 | Create | Villager (Male) |
| 5:24 | Create | Villager (Male) |
| 5:24 | Create | Villager (Male) |
| 5:45 | Create | Villager (Male) |
| 6:08 | Create | Villager (Male) |
| 6:21 | Build | Mill |
| 6:26 | Create | Villager (Male) |
| 6:38 | Build | Palisade Wall |
| 6:46 | Create | Villager (Male) |
| 7:00 | Build | House |
| 7:23 | Create | Villager (Male) |
| 7:23 | Create | Villager (Male) |
| 7:27 | Build | Farm |
| 7:28 | Build | Farm |
| 7:53 | Create | Villager (Male) |
| 8:11 | Build | Farm |
| 8:14 | Build | Farm |
| 8:15 | Create | Villager (Male) |
| 8:54 | Build | Mining Camp |
| 9:32 | Research | Feudal Age |
| 9:32 | Research | Feudal Age |
| 10:12 | Build | House |
| 10:23 | Create | Villager (Male) |
| 10:23 | Create | Villager (Male) |
| 11:38 | Age | Feudal Age |
| 11:40 | Build | Market |
| 11:43 | Build | Blacksmith |
| 11:56 | Build | Farm |
| 11:59 | Build | Farm |
| 12:29 | Build | House |
| 12:38 | Research | Castle Age |
| 12:55 | Build | House |
| 13:15 | Research | Double-Bit Axe |
| 13:15 | Research | Double-Bit Axe |
| 13:48 | Build | Mining Camp |
| 13:59 | Research | Horse Collar |
| 14:21 | Research | Wheelbarrow |
| 15:03 | Age | Castle Age |
| 15:15 | Build | Town Center |
| 15:37 | Research | Bow Saw |
| 16:08 | Create | Villager (Male) |
| 16:23 | Build | Farm |
| 16:23 | Create | Villager (Male) |
| 16:37 | Create | Villager (Male) |
| 16:39 | Create | Villager (Male) |
| 16:54 | Create | Villager (Male) |
| 16:58 | Build | Town Center |
| 17:06 | Create | Villager (Male) |
| 17:09 | Create | Villager (Male) |
| 17:15 | Build | Town Center |
| 17:31 | Create | Villager (Male) |
| 17:31 | Create | Villager (Male) |
| 17:40 | Build | Lumber Camp |
| 17:49 | Create | Villager (Male) |
| 17:54 | Build | Farm |
| 17:57 | Create | Villager (Male) |
| 18:16 | Build | Farm |
| 18:19 | Create | Villager (Male) |
| 18:22 | Create | Villager (Male) |
| 18:34 | Build | Farm |
| 18:35 | Build | Farm |
| 18:38 | Create | Villager (Male) |
| 18:41 | Build | Farm |
| 18:42 | Build | Farm |
| 18:45 | Create | Villager (Male) |
| 18:45 | Create | Villager (Male) |
| 18:46 | Create | Villager (Male) |
| 18:59 | Create | Villager (Male) |
| 19:00 | Create | Villager (Male) |
| 19:05 | Build | Farm |
| 19:06 | Build | Farm |
| 19:06 | Build | Farm |
| 19:13 | Create | Villager (Male) |
| 19:13 | Create | Villager (Male) |
| 19:13 | Create | Villager (Male) |
| 19:28 | Build | Town Center |
| 19:30 | Create | Villager (Male) |
| 19:37 | Create | Villager (Male) |
| 19:43 | Build | House |
| 19:51 | Create | Villager (Male) |
| 19:54 | Create | Villager (Male) |
| 19:59 | Build | Farm |
| 20:00 | Build | Farm |
| 20:14 | Build | House |
| 20:14 | Build | House |
| 20:15 | Build | House |
| 20:19 | Create | Villager (Male) |
| 20:21 | Create | Villager (Male) |
| 20:21 | Create | Villager (Male) |
| 20:21 | Create | Villager (Male) |
| 20:22 | Create | Villager (Male) |
| 20:25 | Create | Villager (Male) |
| 20:30 | Build | Monastery |
| 20:45 | Build | Farm |
| 20:51 | Build | Lumber Camp |
| 20:54 | Create | Villager (Male) |
| 20:55 | Create | Villager (Male) |
| 20:55 | Create | Villager (Male) |
| 20:55 | Create | Villager (Male) |
| 20:55 | Create | Villager (Male) |
| 21:00 | Create | Villager (Male) |
| 21:06 | Build | Farm |
| 21:07 | Build | Farm |
| 21:09 | Build | Farm |
| 21:11 | Create | Monk |
| 21:14 | Create | Villager (Male) |
| 21:14 | Create | Villager (Male) |
| 21:14 | Create | Villager (Male) |
| 21:18 | Create | Villager (Male) |
| 21:25 | Create | Villager (Male) |
| 21:29 | Create | Villager (Male) |
| 21:35 | Build | Lumber Camp |
| 21:44 | Create | Villager (Male) |
| 21:52 | Create | Villager (Male) |
| 21:52 | Create | Villager (Male) |
| 21:57 | Build | Town Center |
| 21:59 | Create | Villager (Male) |
| 22:09 | Build | House |
| 22:10 | Build | House |
| 22:11 | Build | House |
| 22:17 | Build | Farm |
| 22:19 | Build | Lumber Camp |
| 22:23 | Create | Villager (Male) |
| 22:23 | Create | Villager (Male) |
| 22:24 | Create | Villager (Male) |
| 22:24 | Create | Villager (Male) |
Build order — Agro
First 150 of 254 actions detected
| 0:01 | Create | Villager (Male) ×3 |
| 0:03 | Build | House |
| 0:05 | Build | House |
| 0:10 | Research | Loom |
| 0:11 | Create | Villager (Male) ×3 |
| 1:15 | Build | Palisade Wall |
| 1:38 | Create | Villager (Male) |
| 2:44 | Create | Villager (Male) |
| 2:50 | Build | Palisade Wall |
| 2:51 | Build | Palisade Wall |
| 3:24 | Build | Palisade Wall |
| 3:26 | Build | Palisade Wall |
| 3:27 | Build | Palisade Wall |
| 3:28 | Build | Palisade Wall |
| 3:29 | Build | Palisade Wall |
| 3:30 | Build | Palisade Wall |
| 3:30 | Build | Palisade Wall |
| 3:31 | Create | Villager (Male) |
| 3:35 | Build | Palisade Wall |
| 4:00 | Create | Villager (Male) |
| 4:10 | Build | Palisade Wall |
| 4:13 | Build | Palisade Wall |
| 4:21 | Create | Villager (Male) |
| 4:21 | Create | Villager (Male) |
| 4:27 | Build | Palisade Wall |
| 5:00 | Build | Palisade Wall |
| 5:08 | Create | Villager (Male) |
| 5:08 | Create | Villager (Male) |
| 5:29 | Build | Lumber Camp |
| 5:52 | Build | Palisade Wall |
| 5:54 | Build | Palisade Wall |
| 5:59 | Create | Villager (Male) |
| 5:59 | Create | Villager (Male) |
| 6:33 | Create | Villager (Male) |
| 7:07 | Create | Villager (Male) |
| 7:24 | Build | House |
| 7:25 | Build | House |
| 7:43 | Create | Villager (Male) |
| 8:37 | Create | Villager (Male) |
| 8:37 | Create | Villager (Male) |
| 8:39 | Build | Mill |
| 8:50 | Build | House |
| 9:08 | Build | House |
| 9:13 | Build | House |
| 9:18 | Build | House |
| 9:22 | Build | House |
| 9:27 | Build | House |
| 9:41 | Create | Villager (Male) |
| 9:41 | Create | Villager (Male) |
| 9:41 | Create | Villager (Male) |
| 9:56 | Build | Palisade Wall |
| 9:57 | Build | Palisade Wall |
| 10:09 | Build | Palisade Wall |
| 10:43 | Build | House |
| 10:44 | Build | House |
| 10:48 | Create | Villager (Male) |
| 11:20 | Build | Palisade Wall |
| 11:20 | Build | Palisade Wall |
| 11:31 | Build | Palisade Wall |
| 11:32 | Build | Palisade Wall |
| 11:54 | Build | Palisade Wall |
| 12:23 | Research | Feudal Age |
| 13:00 | Build | Lumber Camp |
| 13:49 | Build | Mining Camp |
| 14:33 | Age | Feudal Age |
| 14:35 | Create | Villager (Male) |
| 14:35 | Create | Villager (Male) |
| 14:36 | Research | Double-Bit Axe |
| 14:37 | Research | Horse Collar |
| 14:52 | Create | Villager (Male) |
| 14:59 | Build | Market |
| 15:01 | Build | Blacksmith |
| 15:51 | Create | Villager (Male) |
| 16:16 | Create | Villager (Male) |
| 16:28 | Research | Castle Age |
| 16:38 | Build | Mining Camp |
| 16:41 | Research | Stone Mining |
| 18:02 | Build | Stone Wall |
| 18:03 | Build | Stone Wall |
| 18:07 | Build | Stone Wall |
| 19:21 | Age | Castle Age |
| 19:38 | Build | House |
| 19:44 | Build | House |
| 19:46 | Build | House |
| 20:03 | Build | Castle |
| 20:17 | Research | Fletching |
| 20:18 | Create | Villager (Male) |
| 20:18 | Create | Villager (Male) |
| 20:18 | Create | Villager (Male) |
| 20:25 | Build | House |
| 20:26 | Build | House |
| 20:41 | Build | Town Center |
| 20:46 | Build | Farm |
| 20:51 | Build | Farm |
| 20:51 | Build | Farm |
| 20:51 | Build | Farm |
| 20:51 | Build | Farm |
| 20:52 | Build | Farm |
| 20:52 | Build | Farm |
| 20:52 | Build | Farm |
| 21:09 | Create | Plumed Archer |
| 21:09 | Create | Plumed Archer |
| 21:09 | Create | Plumed Archer |
| 21:12 | Build | Siege Workshop |
| 21:33 | Create | Mangonel |
| 21:57 | Build | Gate |
| 22:29 | Create | Plumed Archer |
| 22:36 | Create | Villager (Male) |
| 22:36 | Create | Villager (Male) |
| 22:36 | Create | Villager (Male) |
| 22:37 | Create | Villager (Male) |
| 23:10 | Create | Plumed Archer |
| 23:11 | Create | Plumed Archer |
| 23:12 | Create | Villager (Male) |
| 23:12 | Create | Villager (Male) |
| 23:12 | Create | Villager (Male) |
| 23:42 | Create | Plumed Archer |
| 23:49 | Create | Villager (Male) |
| 23:50 | Create | Villager (Male) |
| 23:50 | Create | Villager (Male) |
| 23:55 | Build | University |
| 24:10 | Create | Villager (Male) |
| 24:16 | Create | Mangonel |
| 25:08 | Create | Plumed Archer |
| 25:08 | Create | Plumed Archer |
| 25:12 | Create | Villager (Male) |
| 25:12 | Create | Villager (Male) |
| 25:12 | Create | Villager (Male) |
| 25:25 | Build | Farm |
| 25:26 | Build | Farm |
| 25:34 | Build | Farm |
| 25:34 | Build | Farm |
| 25:35 | Build | Farm |
| 25:35 | Build | Farm |
| 25:35 | Build | Farm |
| 26:07 | Create | Battering Ram |
| 26:25 | Create | Villager (Male) |
| 26:25 | Create | Villager (Male) |
| 26:30 | Build | Castle |
| 26:53 | Research | Bodkin Arrow |
| 27:17 | Create | Villager (Male) |
| 27:18 | Create | Villager (Male) |
| 27:18 | Create | Villager (Male) |
| 27:18 | Create | Villager (Male) |
| 27:29 | Build | Castle |
| 27:46 | Build | Castle |
| 27:57 | Create | Plumed Archer |
| 27:57 | Create | Plumed Archer |
| 27:57 | Create | Plumed Archer |
| 27:57 | Create | Plumed Archer |
Build order — BR
First 150 of 425 actions detected
| 0:04 | Research | Loom |
| 0:04 | Create | Villager (Male) |
| 0:05 | Create | Villager (Male) |
| 0:07 | Build | House |
| 0:09 | Build | House |
| 0:19 | Create | Villager (Male) |
| 0:19 | Create | Villager (Male) |
| 0:19 | Create | Villager (Male) |
| 0:48 | Build | Palisade Wall |
| 1:46 | Create | Villager (Male) |
| 1:46 | Create | Villager (Male) |
| 1:46 | Create | Villager (Male) |
| 2:34 | Create | Villager (Male) |
| 2:35 | Create | Villager (Male) |
| 2:35 | Create | Villager (Male) |
| 2:35 | Create | Villager (Male) |
| 3:01 | Create | Villager (Male) |
| 3:02 | Create | Villager (Male) |
| 3:33 | Create | Villager (Male) |
| 3:33 | Create | Villager (Male) |
| 3:33 | Create | Villager (Male) |
| 4:08 | Create | Villager (Male) |
| 4:08 | Create | Villager (Male) |
| 4:08 | Create | Villager (Male) |
| 4:33 | Create | Villager (Male) |
| 4:33 | Create | Villager (Male) |
| 4:33 | Create | Villager (Male) |
| 5:05 | Create | Villager (Male) |
| 5:05 | Create | Villager (Male) |
| 5:10 | Build | House |
| 5:14 | Build | House |
| 5:18 | Build | Lumber Camp |
| 5:24 | Build | Palisade Wall |
| 5:28 | Build | Palisade Wall |
| 5:35 | Create | Villager (Male) |
| 5:35 | Create | Villager (Male) |
| 5:35 | Create | Villager (Male) |
| 5:35 | Create | Villager (Male) |
| 5:55 | Create | Villager (Male) |
| 5:56 | Create | Villager (Male) |
| 5:56 | Create | Villager (Male) |
| 6:20 | Create | Villager (Male) |
| 6:20 | Create | Villager (Male) |
| 6:20 | Create | Villager (Male) |
| 6:34 | Build | Palisade Wall |
| 6:51 | Create | Villager (Male) |
| 6:59 | Create | Villager (Male) |
| 7:08 | Build | House |
| 7:09 | Build | House |
| 7:39 | Create | Villager (Male) |
| 7:39 | Create | Villager (Male) |
| 7:52 | Build | Mill |
| 8:01 | Create | Villager (Male) |
| 8:29 | Create | Villager (Male) |
| 9:01 | Create | Villager (Male) |
| 9:22 | Create | Villager (Male) |
| 9:47 | Create | Villager (Male) |
| 10:49 | Build | Mining Camp |
| 11:21 | Research | Feudal Age |
| 13:05 | Create | Villager (Male) |
| 13:05 | Create | Villager (Male) |
| 13:35 | Age | Feudal Age |
| 13:39 | Build | Market |
| 13:41 | Create | Villager (Male) |
| 13:41 | Create | Villager (Male) |
| 13:49 | Build | Blacksmith |
| 13:52 | Build | Blacksmith |
| 14:07 | Research | Double-Bit Axe |
| 14:08 | Research | Double-Bit Axe |
| 14:27 | Research | Horse Collar |
| 14:27 | Research | Horse Collar |
| 14:27 | Research | Horse Collar |
| 14:36 | Research | Castle Age |
| 14:36 | Research | Castle Age |
| 14:42 | Build | Farm |
| 14:45 | Build | Farm |
| 14:48 | Build | Farm |
| 14:50 | Build | Farm |
| 14:53 | Build | Farm |
| 14:56 | Build | Farm |
| 15:06 | Build | Farm |
| 15:31 | Build | Mining Camp |
| 16:43 | Build | House |
| 16:44 | Build | House |
| 17:09 | Research | Wheelbarrow |
| 17:09 | Research | Wheelbarrow |
| 17:09 | Research | Wheelbarrow |
| 17:16 | Age | Castle Age |
| 17:19 | Research | Bow Saw |
| 17:20 | Research | Bow Saw |
| 17:20 | Research | Heavy Plow |
| 17:21 | Research | Heavy Plow |
| 17:23 | Create | Villager (Male) |
| 17:28 | Build | Town Center |
| 17:41 | Build | Town Center |
| 17:46 | Build | House |
| 17:47 | Build | House |
| 17:49 | Build | House |
| 18:10 | Create | Villager (Male) |
| 18:30 | Create | Villager (Male) |
| 18:35 | Create | Villager (Male) |
| 18:36 | Create | Villager (Male) |
| 18:39 | Build | Farm |
| 18:42 | Build | Farm |
| 18:48 | Build | Farm |
| 18:50 | Create | Villager (Male) |
| 18:57 | Build | Farm |
| 18:59 | Build | Farm |
| 19:01 | Build | Farm |
| 19:02 | Create | Villager (Male) |
| 19:04 | Create | Villager (Male) |
| 19:11 | Build | Farm |
| 19:12 | Build | Farm |
| 19:14 | Build | Farm |
| 19:34 | Create | Villager (Male) |
| 19:35 | Create | Villager (Male) |
| 19:43 | Build | Stone Wall |
| 19:46 | Create | Villager (Male) |
| 19:51 | Build | Farm |
| 19:52 | Build | Farm |
| 19:54 | Build | Farm |
| 19:57 | Create | Villager (Male) |
| 20:08 | Create | Villager (Male) |
| 20:08 | Create | Villager (Male) |
| 20:08 | Create | Villager (Male) |
| 20:14 | Create | Villager (Male) |
| 20:14 | Create | Villager (Male) |
| 20:15 | Create | Villager (Male) |
| 20:17 | Create | Villager (Male) |
| 20:17 | Create | Villager (Male) |
| 20:17 | Create | Villager (Male) |
| 20:32 | Create | Villager (Male) |
| 20:32 | Create | Villager (Male) |
| 20:32 | Create | Villager (Male) |
| 20:36 | Build | Monastery |
| 20:46 | Build | Monastery |
| 20:49 | Build | House |
| 20:50 | Create | Villager (Male) |
| 20:50 | Create | Villager (Male) |
| 20:50 | Create | Villager (Male) |
| 20:53 | Create | Villager (Male) |
| 20:53 | Create | Villager (Male) |
| 20:53 | Create | Villager (Male) |
| 20:58 | Build | Farm |
| 21:00 | Build | Farm |
| 21:03 | Create | Villager (Male) |
| 21:04 | Create | Villager (Male) |
| 21:04 | Create | Villager (Male) |
| 21:32 | Build | Siege Workshop |
| 21:37 | Build | House |
Build order — Air me
First 150 of 359 actions detected
| 0:01 | Create | Villager (Male) |
| 0:01 | Create | Villager (Male) |
| 0:02 | Create | Villager (Male) |
| 0:02 | Create | Villager (Male) |
| 0:02 | Create | Villager (Male) |
| 0:03 | Build | House |
| 0:05 | Build | House |
| 0:59 | Research | Loom |
| 1:01 | Create | Villager (Male) |
| 1:02 | Create | Villager (Male) |
| 1:23 | Build | Palisade Wall |
| 2:46 | Create | Villager (Male) |
| 2:47 | Create | Villager (Male) |
| 2:47 | Create | Villager (Male) |
| 3:26 | Build | Lumber Camp |
| 3:30 | Create | Villager (Male) |
| 3:37 | Create | Villager (Male) |
| 3:38 | Create | Villager (Male) |
| 4:11 | Create | Villager (Male) |
| 4:12 | Create | Villager (Male) |
| 4:56 | Create | Villager (Male) |
| 4:57 | Create | Villager (Male) |
| 5:31 | Create | Villager (Male) |
| 5:31 | Create | Villager (Male) |
| 5:31 | Create | Villager (Male) |
| 5:36 | Build | House |
| 5:39 | Build | House |
| 5:57 | Build | House |
| 5:59 | Build | House |
| 6:01 | Build | House |
| 6:51 | Create | Villager (Male) |
| 6:51 | Create | Villager (Male) |
| 6:52 | Create | Villager (Male) |
| 6:52 | Create | Villager (Male) |
| 6:52 | Create | Villager (Male) |
| 6:52 | Create | Villager (Male) |
| 7:10 | Create | Villager (Male) |
| 7:11 | Create | Villager (Male) |
| 7:11 | Create | Villager (Male) |
| 7:46 | Build | Mill |
| 8:36 | Create | Villager (Male) |
| 9:29 | Create | Villager (Male) |
| 9:29 | Create | Villager (Male) |
| 9:29 | Create | Villager (Male) |
| 9:42 | Build | Lumber Camp |
| 10:56 | Research | Feudal Age |
| 11:03 | Build | Mining Camp |
| 11:52 | Build | Mill |
| 12:16 | Create | Villager (Male) |
| 12:16 | Create | Villager (Male) |
| 13:11 | Age | Feudal Age |
| 13:15 | Build | Market |
| 13:17 | Build | Blacksmith |
| 13:47 | Research | Double-Bit Axe |
| 14:01 | Research | Castle Age |
| 14:01 | Research | Castle Age |
| 14:30 | Build | Stone Wall |
| 14:38 | Build | Stone Wall |
| 14:40 | Build | Stone Wall |
| 14:48 | Build | Mining Camp |
| 15:05 | Build | Farm |
| 15:05 | Build | Farm |
| 15:06 | Build | Farm |
| 15:07 | Build | Farm |
| 15:09 | Build | Farm |
| 15:10 | Build | Farm |
| 15:28 | Build | Lumber Camp |
| 15:52 | Research | Horse Collar |
| 15:52 | Research | Horse Collar |
| 16:41 | Age | Castle Age |
| 16:54 | Build | Town Center |
| 17:17 | Build | Town Center |
| 17:24 | Research | Wheelbarrow |
| 18:04 | Research | Bow Saw |
| 18:07 | Create | Villager (Male) |
| 18:08 | Create | Villager (Male) |
| 18:08 | Create | Villager (Male) |
| 18:08 | Create | Villager (Male) |
| 18:12 | Create | Villager (Male) |
| 18:12 | Create | Villager (Male) |
| 18:12 | Create | Villager (Male) |
| 18:35 | Create | Villager (Male) |
| 18:36 | Create | Villager (Male) |
| 18:36 | Create | Villager (Male) |
| 18:47 | Build | Farm |
| 18:51 | Build | Farm |
| 18:54 | Build | Farm |
| 18:57 | Build | Farm |
| 18:57 | Build | Farm |
| 19:17 | Create | Villager (Male) |
| 19:20 | Create | Villager (Male) |
| 19:20 | Create | Villager (Male) |
| 19:36 | Create | Villager (Male) |
| 19:43 | Build | Farm |
| 19:46 | Build | Farm |
| 19:47 | Build | Farm |
| 19:50 | Build | Farm |
| 19:52 | Build | Farm |
| 19:53 | Build | Farm |
| 20:02 | Create | Villager (Male) |
| 20:05 | Create | Villager (Male) |
| 20:09 | Build | Farm |
| 20:10 | Build | Farm |
| 20:12 | Build | Farm |
| 20:13 | Build | Farm |
| 20:15 | Build | Farm |
| 20:16 | Build | Farm |
| 20:18 | Build | Farm |
| 20:28 | Build | Farm |
| 20:38 | Create | Villager (Male) ×2 |
| 20:50 | Create | Villager (Male) |
| 20:50 | Create | Villager (Male) |
| 20:54 | Create | Villager (Male) |
| 20:55 | Create | Villager (Male) |
| 21:05 | Build | Town Center |
| 21:09 | Create | Villager (Male) |
| 21:17 | Create | Villager (Male) ×2 |
| 21:17 | Create | Villager (Male) ×2 |
| 21:42 | Build | Stone Wall |
| 21:44 | Build | Gate |
| 22:18 | Create | Villager (Male) ×5 |
| 22:20 | Create | Villager (Male) ×4 |
| 22:23 | Build | House |
| 22:24 | Build | House |
| 22:25 | Build | House |
| 22:25 | Build | House |
| 22:26 | Build | House |
| 22:26 | Build | House |
| 22:26 | Build | House |
| 22:27 | Build | House |
| 22:27 | Build | House |
| 22:27 | Build | House |
| 22:28 | Build | House |
| 22:37 | Build | House |
| 22:37 | Build | House |
| 22:38 | Build | House |
| 22:38 | Build | House |
| 22:38 | Build | House |
| 22:39 | Build | House |
| 22:39 | Build | House |
| 22:39 | Build | House |
| 22:40 | Build | House |
| 22:40 | Build | House |
| 22:40 | Build | House |
| 22:40 | Build | House |
| 22:41 | Build | House |
| 22:44 | Create | Villager (Male) |
| 22:44 | Create | Villager (Male) |
| 22:45 | Create | Villager (Male) |
| 22:45 | Create | Villager (Male) |
Build order — 拿捏木村
First 150 of 402 actions detected
| 0:03 | Build | House |
| 0:04 | Create | Villager (Male) |
| 0:04 | Build | House |
| 0:15 | Create | Villager (Male) |
| 0:37 | Create | Villager (Male) |
| 0:53 | Create | Villager (Male) |
| 1:18 | Research | Loom |
| 1:21 | Create | Villager (Male) |
| 1:30 | Build | Palisade Wall |
| 1:35 | Build | Palisade Wall |
| 1:39 | Create | Villager (Male) |
| 2:18 | Create | Villager (Male) |
| 2:55 | Build | Palisade Wall |
| 2:56 | Build | Palisade Wall |
| 2:58 | Build | Palisade Wall |
| 3:03 | Build | Palisade Wall |
| 3:09 | Create | Villager (Male) |
| 3:09 | Create | Villager (Male) |
| 3:28 | Build | Lumber Camp |
| 3:34 | Create | Villager (Male) |
| 3:44 | Build | Palisade Wall |
| 3:45 | Build | Palisade Wall |
| 3:46 | Build | Palisade Wall |
| 3:47 | Build | Palisade Wall |
| 3:51 | Create | Villager (Male) |
| 4:33 | Create | Villager (Male) |
| 5:37 | Create | Villager (Male) |
| 5:47 | Build | Palisade Wall |
| 6:03 | Build | Palisade Wall |
| 6:04 | Build | Palisade Wall |
| 6:07 | Build | Palisade Wall |
| 6:33 | Create | Villager (Male) |
| 7:01 | Create | Villager (Male) |
| 7:04 | Build | House |
| 7:28 | Create | Villager (Male) |
| 7:31 | Create | Villager (Male) |
| 8:22 | Create | Villager (Male) |
| 8:25 | Create | Villager (Male) |
| 9:07 | Build | Mill |
| 9:09 | Create | Villager (Male) |
| 9:42 | Create | Villager (Male) |
| 10:38 | Build | Mining Camp |
| 10:40 | Build | Farm |
| 10:41 | Build | Farm |
| 10:42 | Build | Farm |
| 10:43 | Build | Farm |
| 10:59 | Research | Feudal Age |
| 10:59 | Research | Feudal Age |
| 12:33 | Create | Villager (Male) |
| 12:40 | Build | House |
| 13:09 | Age | Feudal Age |
| 13:23 | Create | Villager (Male) |
| 13:27 | Research | Double-Bit Axe |
| 13:32 | Build | Blacksmith |
| 14:03 | Create | Villager (Male) |
| 14:10 | Build | Watch Tower |
| 14:14 | Build | House |
| 14:15 | Build | Farm |
| 14:19 | Research | Fletching |
| 14:30 | Build | Watch Tower |
| 14:32 | Create | Villager (Male) |
| 14:34 | Build | Farm |
| 14:37 | Build | Farm |
| 14:42 | Build | Stone Wall |
| 14:59 | Build | Farm |
| 15:24 | Create | Villager (Male) |
| 15:27 | Build | Farm |
| 15:30 | Build | Farm |
| 15:43 | Create | Villager (Male) |
| 15:49 | Build | Farm |
| 16:20 | Create | Villager (Male) |
| 16:22 | Build | Farm |
| 16:31 | Build | Stone Wall |
| 16:34 | Build | Stone Wall |
| 16:41 | Create | Villager (Male) |
| 16:56 | Create | Villager (Male) |
| 16:59 | Build | Farm |
| 17:28 | Build | Watch Tower |
| 17:28 | Create | Villager (Male) |
| 17:30 | Build | Farm |
| 17:38 | Create | Villager (Male) |
| 17:43 | Build | Farm |
| 17:43 | Build | Farm |
| 17:50 | Build | Stone Wall |
| 18:08 | Build | Watch Tower |
| 18:16 | Create | Villager (Male) |
| 18:19 | Build | Stone Wall |
| 18:31 | Build | House |
| 18:42 | Create | Villager (Male) |
| 19:14 | Build | Stone Wall |
| 19:15 | Create | Villager (Male) |
| 19:17 | Build | Farm |
| 19:25 | Build | Stone Wall |
| 19:31 | Build | Stone Wall |
| 19:42 | Create | Villager (Male) |
| 19:44 | Build | Farm |
| 20:20 | Build | Stone Wall |
| 20:41 | Create | Villager (Male) |
| 20:45 | Build | Farm |
| 20:49 | Build | Mining Camp |
| 20:55 | Build | Stone Wall |
| 21:04 | Create | Villager (Male) |
| 21:11 | Build | House |
| 21:13 | Research | Wheelbarrow |
| 21:56 | Build | Market |
| 22:09 | Create | Villager (Male) |
| 22:44 | Build | Mill |
| 22:46 | Build | Mill |
| 23:01 | Research | Castle Age |
| 23:55 | Build | Stone Wall |
| 24:20 | Build | Watch Tower |
| 24:42 | Build | House |
| 25:26 | Build | Mining Camp |
| 25:29 | Build | House |
| 25:31 | Build | House |
| 25:33 | Build | House |
| 25:41 | Age | Castle Age |
| 26:04 | Create | Villager (Male) |
| 26:19 | Create | Villager (Male) |
| 26:48 | Create | Villager (Male) |
| 26:52 | Create | Villager (Male) |
| 27:14 | Build | Siege Workshop |
| 27:23 | Create | Villager (Male) |
| 28:24 | Create | Mangonel |
| 29:32 | Create | Villager (Male) |
| 29:48 | Create | Villager (Male) |
| 29:50 | Create | Villager (Male) |
| 29:58 | Create | Villager (Male) |
| 30:01 | Create | Mangonel |
| 31:47 | Build | Lumber Camp |
| 31:53 | Build | Lumber Camp |
| 31:56 | Create | Villager (Male) |
| 31:56 | Create | Villager (Male) |
| 32:15 | Build | Lumber Camp |
| 32:38 | Build | Mill |
| 32:39 | Build | Farm |
| 32:39 | Build | Farm |
| 32:39 | Build | Farm |
| 32:40 | Build | Farm |
| 32:40 | Build | Farm |
| 33:17 | Create | Villager (Male) |
| 33:25 | Build | Mill |
| 33:26 | Build | Farm |
| 33:26 | Build | Farm |
| 33:27 | Build | Farm |
| 33:27 | Build | Farm |
| 33:27 | Build | Farm |
| 33:27 | Build | Farm |
| 33:27 | Build | Farm |
| 33:28 | Build | Farm |
Build order — knife
First 150 of 457 actions detected
| 0:02 | Build | House |
| 0:03 | Create | Villager (Male) |
| 0:03 | Create | Villager (Male) |
| 0:04 | Build | House |
| 0:13 | Create | Villager (Male) |
| 0:14 | Create | Villager (Male) |
| 0:14 | Create | Villager (Male) |
| 0:14 | Create | Villager (Male) |
| 0:54 | Research | Loom |
| 0:54 | Research | Loom |
| 1:06 | Create | Villager (Male) |
| 1:24 | Build | Palisade Wall |
| 1:28 | Build | Palisade Wall |
| 2:11 | Create | Villager (Male) |
| 2:12 | Create | Villager (Male) |
| 2:12 | Create | Villager (Male) |
| 2:33 | Create | Villager (Male) |
| 2:34 | Create | Villager (Male) |
| 2:34 | Create | Villager (Male) |
| 2:45 | Create | Villager (Male) |
| 2:46 | Create | Villager (Male) |
| 2:46 | Create | Villager (Male) |
| 3:26 | Create | Villager (Male) |
| 3:26 | Create | Villager (Male) |
| 3:27 | Create | Villager (Male) |
| 3:38 | Build | House |
| 3:45 | Build | House |
| 4:06 | Build | Palisade Wall |
| 4:14 | Create | Villager (Male) |
| 4:14 | Create | Villager (Male) |
| 4:14 | Create | Villager (Male) |
| 4:14 | Create | Villager (Male) |
| 4:15 | Create | Villager (Male) |
| 4:50 | Build | Lumber Camp |
| 4:55 | Build | Palisade Wall |
| 5:09 | Create | Villager (Male) |
| 5:09 | Create | Villager (Male) |
| 5:09 | Create | Villager (Male) |
| 5:29 | Create | Villager (Male) |
| 5:29 | Create | Villager (Male) |
| 5:32 | Build | House |
| 5:45 | Build | Palisade Wall |
| 5:49 | Create | Villager (Male) |
| 6:17 | Create | Villager (Male) |
| 6:17 | Create | Villager (Male) |
| 6:17 | Create | Villager (Male) |
| 7:08 | Create | Villager (Male) |
| 7:08 | Create | Villager (Male) |
| 7:08 | Create | Villager (Male) |
| 7:08 | Create | Villager (Male) |
| 7:09 | Create | Villager (Male) |
| 7:27 | Build | House |
| 7:50 | Create | Villager (Male) |
| 8:05 | Build | Mill |
| 8:06 | Create | Villager (Male) |
| 9:06 | Build | Palisade Wall |
| 9:31 | Create | Villager (Male) |
| 9:54 | Create | Villager (Male) |
| 9:54 | Create | Villager (Male) |
| 10:30 | Research | Feudal Age |
| 10:30 | Research | Feudal Age |
| 10:30 | Research | Feudal Age |
| 10:46 | Build | Mining Camp |
| 11:28 | Build | House |
| 11:30 | Build | Mining Camp |
| 12:22 | Create | Villager (Male) |
| 12:34 | Build | House |
| 12:40 | Age | Feudal Age |
| 12:41 | Build | House |
| 12:47 | Create | Villager (Male) |
| 12:49 | Build | Market |
| 12:51 | Build | Blacksmith |
| 13:10 | Build | Mining Camp |
| 13:21 | Build | Stone Wall |
| 13:23 | Build | Stone Wall |
| 13:26 | Build | Stone Wall |
| 13:30 | Build | Stone Wall |
| 13:54 | Research | Castle Age |
| 13:54 | Research | Castle Age |
| 13:55 | Research | Castle Age |
| 14:41 | Build | Watch Tower |
| 15:04 | Research | Fletching |
| 15:05 | Research | Fletching |
| 15:07 | Research | Padded Archer Armor |
| 15:40 | Build | Stone Wall |
| 15:50 | Build | Gate |
| 16:23 | Build | House |
| 16:34 | Age | Castle Age |
| 16:37 | Create | Villager (Male) |
| 16:44 | Research | Stone Mining |
| 16:44 | Research | Stone Mining |
| 17:13 | Create | Villager (Male) |
| 17:50 | Build | Mill |
| 18:01 | Build | Castle |
| 18:25 | Create | Villager (Male) |
| 18:25 | Create | Villager (Male) |
| 19:16 | Create | Villager (Male) |
| 19:25 | Create | Arambai |
| 19:26 | Create | Arambai |
| 19:42 | Build | Farm |
| 19:43 | Build | Farm |
| 19:44 | Build | Farm |
| 19:45 | Build | Farm |
| 19:46 | Build | Farm |
| 19:47 | Build | Farm |
| 19:50 | Create | Villager (Male) |
| 19:57 | Create | Arambai |
| 19:57 | Create | Arambai |
| 20:07 | Build | Farm |
| 20:08 | Build | Farm |
| 20:20 | Create | Villager (Male) |
| 20:30 | Build | Siege Workshop |
| 20:59 | Create | Villager (Male) |
| 21:00 | Create | Villager (Male) |
| 21:04 | Build | Farm |
| 21:17 | Create | Villager (Male) |
| 21:32 | Create | Battering Ram |
| 21:33 | Create | Battering Ram |
| 21:39 | Create | Petard |
| 21:40 | Create | Villager (Male) |
| 21:52 | Build | Stone Wall |
| 21:59 | Create | Villager (Male) |
| 22:05 | Create | Petard |
| 22:11 | Create | Villager (Male) |
| 22:17 | Create | Villager (Male) |
| 22:35 | Research | Horse Collar |
| 22:36 | Create | Petard |
| 22:51 | Research | Town Watch |
| 22:52 | Create | Villager (Male) |
| 22:53 | Create | Villager (Male) |
| 23:06 | Create | Petard |
| 23:16 | Create | Arambai |
| 23:35 | Create | Villager (Male) |
| 23:50 | Create | Arambai |
| 23:50 | Create | Arambai |
| 23:51 | Create | Villager (Male) |
| 23:51 | Create | Villager (Male) |
| 23:51 | Create | Villager (Male) |
| 24:09 | Create | Arambai |
| 24:09 | Create | Arambai |
| 24:19 | Create | Villager (Male) |
| 24:19 | Create | Villager (Male) |
| 24:19 | Create | Villager (Male) |
| 24:37 | Create | Mangonel |
| 24:58 | Create | Arambai |
| 24:58 | Create | Arambai |
| 24:58 | Create | Villager (Male) |
| 24:59 | Create | Villager (Male) |
| 24:59 | Create | Villager (Male) |
| 25:02 | Build | House |
Build order — N B
First 150 of 454 actions detected
| 0:01 | Create | Villager (Male) ×4 |
| 0:01 | Create | Villager (Male) ×4 |
| 0:01 | Create | Villager (Male) ×4 |
| 0:02 | Build | House |
| 0:03 | Build | House |
| 1:09 | Create | Villager (Male) |
| 1:10 | Create | Villager (Male) |
| 1:43 | Build | Palisade Wall |
| 1:48 | Build | Palisade Wall |
| 2:06 | Build | Palisade Wall |
| 2:07 | Build | Palisade Wall |
| 2:07 | Build | Palisade Wall |
| 2:12 | Build | Palisade Wall |
| 2:19 | Build | Palisade Wall |
| 2:20 | Build | Palisade Wall |
| 2:25 | Create | Villager (Male) |
| 2:27 | Create | Villager (Male) |
| 2:27 | Create | Villager (Male) |
| 2:30 | Build | Lumber Camp |
| 2:58 | Create | Villager (Male) |
| 3:00 | Create | Villager (Male) |
| 3:00 | Create | Villager (Male) |
| 3:53 | Create | Villager (Male) |
| 3:53 | Create | Villager (Male) |
| 3:53 | Create | Villager (Male) |
| 4:17 | Build | House |
| 4:22 | Build | House |
| 5:08 | Build | House |
| 5:10 | Build | Mining Camp |
| 5:36 | Create | Villager (Male) |
| 5:45 | Build | House |
| 6:07 | Create | Villager (Male) |
| 6:08 | Create | Villager (Male) |
| 6:08 | Create | Villager (Male) |
| 6:21 | Create | Villager (Male) |
| 6:21 | Create | Villager (Male) |
| 6:21 | Create | Villager (Male) |
| 6:40 | Build | Palisade Wall |
| 6:41 | Build | Palisade Wall |
| 7:09 | Create | Villager (Male) |
| 7:27 | Build | Mill |
| 7:47 | Create | Villager (Male) |
| 7:47 | Create | Villager (Male) |
| 7:48 | Create | Villager (Male) |
| 7:48 | Create | Villager (Male) |
| 7:48 | Create | Villager (Male) |
| 7:48 | Create | Villager (Male) |
| 7:49 | Create | Villager (Male) |
| 8:21 | Build | House |
| 8:31 | Build | House |
| 8:39 | Build | House |
| 9:31 | Create | Villager (Male) |
| 9:42 | Build | Mill |
| 10:20 | Build | Farm |
| 10:20 | Build | Farm |
| 10:21 | Build | Farm |
| 10:21 | Build | Farm |
| 10:33 | Build | Lumber Camp |
| 10:37 | Research | Feudal Age |
| 11:42 | Create | Villager (Male) |
| 12:53 | Age | Feudal Age |
| 12:54 | Build | Market |
| 12:57 | Build | Blacksmith |
| 13:10 | Create | Villager (Male) |
| 13:51 | Create | Villager (Male) |
| 13:55 | Build | Farm |
| 14:08 | Build | Stone Wall |
| 14:11 | Build | Stone Wall |
| 14:13 | Create | Villager (Male) |
| 14:15 | Build | Farm |
| 14:17 | Build | Farm |
| 14:19 | Research | Castle Age |
| 14:19 | Research | Castle Age |
| 14:23 | Build | Farm |
| 14:54 | Build | Stone Wall |
| 14:55 | Build | Stone Wall |
| 15:04 | Research | Double-Bit Axe |
| 15:26 | Build | House |
| 16:05 | Research | Horse Collar |
| 16:37 | Create | Villager (Male) |
| 17:00 | Age | Castle Age |
| 17:01 | Build | Town Center |
| 17:03 | Create | Villager (Male) |
| 17:06 | Build | Town Center |
| 17:28 | Create | Villager (Male) |
| 17:32 | Research | Bow Saw |
| 17:33 | Research | Heavy Plow |
| 17:37 | Research | Wheelbarrow |
| 17:43 | Build | Monastery |
| 17:50 | Create | Villager (Male) |
| 18:03 | Create | Villager (Male) |
| 18:15 | Create | Villager (Male) |
| 18:27 | Create | Villager (Male) ×5 |
| 18:37 | Create | Villager (Male) |
| 18:37 | Create | Villager (Male) |
| 18:42 | Create | Villager (Male) |
| 18:42 | Create | Villager (Male) |
| 18:46 | Build | Farm |
| 18:50 | Build | Farm |
| 18:52 | Create | Villager (Male) |
| 19:03 | Build | Stone Wall |
| 19:14 | Create | Villager (Male) |
| 19:22 | Build | Farm |
| 19:28 | Build | Farm |
| 19:29 | Build | Farm |
| 19:29 | Build | Farm |
| 19:29 | Build | Farm |
| 19:31 | Create | Villager (Male) |
| 19:33 | Build | Farm |
| 19:36 | Build | Farm |
| 19:38 | Build | Farm |
| 19:39 | Create | Villager (Male) |
| 19:47 | Create | Villager (Male) |
| 20:13 | Create | Villager (Male) |
| 20:31 | Create | Villager (Male) |
| 20:32 | Create | Villager (Male) |
| 20:32 | Create | Villager (Male) |
| 20:37 | Build | House |
| 20:39 | Build | House |
| 20:52 | Research | Hand Cart |
| 20:54 | Create | Villager (Male) |
| 20:54 | Create | Villager (Male) |
| 21:11 | Create | Villager (Male) |
| 21:19 | Create | Villager (Male) |
| 21:28 | Build | Town Center |
| 21:30 | Create | Villager (Male) |
| 21:39 | Create | Villager (Male) |
| 21:39 | Create | Villager (Male) |
| 21:45 | Build | Stone Wall |
| 21:47 | Build | Stone Wall |
| 21:50 | Build | Stone Wall |
| 21:52 | Create | Villager (Male) |
| 21:58 | Build | House |
| 22:00 | Build | House |
| 22:06 | Build | Lumber Camp |
| 22:07 | Create | Villager (Male) |
| 22:18 | Create | Villager (Male) |
| 22:24 | Build | Farm |
| 22:26 | Create | Villager (Male) |
| 22:30 | Build | Town Center |
| 22:34 | Create | Villager (Male) |
| 22:35 | Create | Villager (Male) |
| 22:37 | Create | Villager (Male) |
| 22:37 | Create | Villager (Male) |
| 22:40 | Create | Villager (Male) |
| 22:45 | Create | Villager (Male) |
| 22:47 | Build | Farm |
| 23:01 | Build | Farm |
| 23:03 | Create | Villager (Male) |
| 23:04 | Create | Villager (Male) |
Match timeline
| 0:48 | BR · wall_segment Palisade Wall x14 |
| 1:15 | Agro · wall_segment Palisade Wall x10 |
| 1:23 | Air me · wall_segment Palisade Wall x9 |
| 1:24 | knife · wall_segment Palisade Wall x3 |
| 1:28 | knife · wall_segment Palisade Wall x4 |
| 1:30 | 拿捏木村 · wall_segment Palisade Wall x8 |
| 1:35 | 拿捏木村 · wall_segment Palisade Wall x7 |
| 1:43 | N B · wall_segment Palisade Wall x1 |
| 1:48 | N B · wall_segment Palisade Wall x4 |
| 2:06 | N B · wall_segment Palisade Wall x1 |
| 2:07 | N B · wall_segment Palisade Wall x1 |
| 2:07 | N B · wall_segment Palisade Wall x1 |
| 2:12 | N B · wall_segment Palisade Wall x1 |
| 2:19 | N B · wall_segment Palisade Wall x1 |
| 2:20 | N B · wall_segment Palisade Wall x4 |
| 2:50 | Agro · wall_segment Palisade Wall x1 |
| 2:51 | Agro · wall_segment Palisade Wall x1 |
| 2:55 | 拿捏木村 · wall_segment Palisade Wall x1 |
| 2:56 | 拿捏木村 · wall_segment Palisade Wall x1 |
| 2:58 | 拿捏木村 · wall_segment Palisade Wall x1 |
| 3:03 | 拿捏木村 · wall_segment Palisade Wall x1 |
| 3:24 | Agro · wall_segment Palisade Wall x1 |
| 3:26 | Agro · wall_segment Palisade Wall x1 |
| 3:27 | Agro · wall_segment Palisade Wall x1 |
| 3:28 | Agro · wall_segment Palisade Wall x1 |
| 3:29 | Agro · wall_segment Palisade Wall x1 |
| 3:30 | Agro · wall_segment Palisade Wall x1 |
| 3:30 | Agro · wall_segment Palisade Wall x1 |
| 3:35 | Agro · wall_segment Palisade Wall x1 |
| 3:44 | 拿捏木村 · wall_segment Palisade Wall x1 |
| 3:45 | 拿捏木村 · wall_segment Palisade Wall x1 |
| 3:46 | 拿捏木村 · wall_segment Palisade Wall x1 |
| 3:47 | 拿捏木村 · wall_segment Palisade Wall x1 |
| 4:06 | knife · wall_segment Palisade Wall x1 |
| 4:10 | Agro · wall_segment Palisade Wall x1 |
| 4:13 | Agro · wall_segment Palisade Wall x5 |
| 4:27 | Agro · wall_segment Palisade Wall x1 |
| 4:55 | knife · wall_segment Palisade Wall x1 |
| 5:00 | Agro · wall_segment Palisade Wall x1 |
| 5:24 | BR · wall_segment Palisade Wall x3 |
| 5:28 | BR · wall_segment Palisade Wall x9 |
| 5:45 | knife · wall_segment Palisade Wall x6 |
| 5:47 | 拿捏木村 · wall_segment Palisade Wall x1 |
| 5:52 | Agro · wall_segment Palisade Wall x1 |
| 5:54 | Agro · wall_segment Palisade Wall x5 |
| 6:03 | 拿捏木村 · wall_segment Palisade Wall x1 |
| 6:04 | 拿捏木村 · wall_segment Palisade Wall x1 |
| 6:07 | 拿捏木村 · wall_segment Palisade Wall x1 |
| 6:34 | BR · wall_segment Palisade Wall x8 |
| 6:38 | AirMo 1688 · wall_segment Palisade Wall x8 |
| 6:40 | N B · wall_segment Palisade Wall x1 |
| 6:41 | N B · wall_segment Palisade Wall x1 |
| 9:06 | knife · wall_segment Palisade Wall x1 |
| 9:56 | Agro · wall_segment Palisade Wall x1 |
| 9:57 | Agro · wall_segment Palisade Wall x1 |
| 10:09 | Agro · wall_segment Palisade Wall x1 |
| 11:20 | Agro · wall_segment Palisade Wall x1 |
| 11:20 | Agro · wall_segment Palisade Wall x1 |
| 11:31 | Agro · wall_segment Palisade Wall x1 |
| 11:32 | Agro · wall_segment Palisade Wall x2 |
| 11:38 | AirMo 1688 · age_up feudal |
| 11:54 | Agro · wall_segment Palisade Wall x1 |
| 12:30 | 敬爱与明天 · age_up feudal |
| 12:40 | knife · age_up feudal |
| 12:53 | N B · age_up feudal |
| 13:09 | 拿捏木村 · age_up feudal |
| 13:11 | Air me · age_up feudal |
| 13:21 | knife · wall_segment Stone Wall x3 |
| 13:23 | knife · wall_segment Stone Wall x4 |
| 13:26 | knife · wall_segment Stone Wall x5 |
| 13:30 | knife · wall_segment Stone Wall x6 |
| 13:35 | BR · age_up feudal |
| 14:08 | N B · wall_segment Stone Wall x1 |
| 14:11 | N B · wall_segment Stone Wall x7 |
| 14:18 | N B · first_market_sell 100 stone |
| 14:30 | Air me · wall_segment Stone Wall x11 |
| 14:33 | Agro · age_up feudal |
| 14:38 | Air me · wall_segment Stone Wall x8 |
| 14:40 | Air me · wall_segment Stone Wall x8 |
| 14:42 | 拿捏木村 · wall_segment Stone Wall x8 |
| 14:54 | N B · wall_segment Stone Wall x4 |
| 14:55 | N B · wall_segment Stone Wall x7 |
| 15:03 | AirMo 1688 · age_up castle |
| 15:40 | knife · wall_segment Stone Wall x8 |
| 16:00 | 敬爱与明天 · age_up castle |
| 16:31 | 拿捏木村 · wall_segment Stone Wall x8 |
| 16:34 | 拿捏木村 · wall_segment Stone Wall x1 |
| 16:34 | knife · age_up castle |
| 16:41 | Air me · age_up castle |
| 16:51 | Air me · first_market_buy 100 wood |
| 17:00 | N B · age_up castle |
| 17:08 | knife · first_market_buy 100 stone |
| 17:16 | BR · age_up castle |
| 17:43 | N B · first_building Monastery |
| 17:50 | 拿捏木村 · wall_segment Stone Wall x1 |
| 18:01 | knife · first_building Castle |
| 18:02 | Agro · wall_segment Stone Wall x1 |
| 18:03 | Agro · wall_segment Stone Wall x5 |
| 18:07 | Agro · wall_segment Stone Wall x1 |
| 18:19 | 拿捏木村 · wall_segment Stone Wall x1 |
| 18:21 | AirMo 1688 · first_market_buy 100 food |
| 19:03 | N B · wall_segment Stone Wall x1 |
| 19:14 | 拿捏木村 · wall_segment Stone Wall x12 |
| 19:21 | Agro · age_up castle |
| 19:25 | 拿捏木村 · wall_segment Stone Wall x1 |
| 19:31 | 拿捏木村 · wall_segment Stone Wall x1 |
| 19:43 | BR · wall_segment Stone Wall x9 |
| 20:03 | Agro · first_building Castle |
| 20:20 | 拿捏木村 · wall_segment Stone Wall x9 |
| 20:30 | AirMo 1688 · first_building Monastery |
| 20:30 | knife · first_building Siege Workshop |
| 20:36 | BR · first_building Monastery |
| 20:55 | 拿捏木村 · wall_segment Stone Wall x10 |
| 21:12 | Agro · first_building Siege Workshop |
| 21:21 | knife · first_market_sell 100 wood |
| 21:32 | BR · first_building Siege Workshop |
| 21:36 | 敬爱与明天 · first_building Stable |
| 21:42 | Air me · wall_segment Stone Wall x13 |
| 21:45 | N B · wall_segment Stone Wall x1 |
| 21:47 | N B · wall_segment Stone Wall x7 |
| 21:50 | N B · wall_segment Stone Wall x11 |
| 21:52 | knife · wall_segment Stone Wall x8 |
| 22:51 | BR · wall_segment Stone Wall x1 |
| 23:00 | 拿捏木村 · first_market_sell 100 stone |
| 23:55 | 拿捏木村 · wall_segment Stone Wall x3 |
| 25:32 | N B · wall_segment Stone Wall x8 |
| 25:36 | N B · wall_segment Stone Wall x8 |
| 25:41 | 拿捏木村 · age_up castle |
| 26:12 | BR · first_building Castle |
| 27:00 | 拿捏木村 · first_market_buy 100 wood |
| 27:02 | Air me · first_building Monastery |
| 27:14 | 拿捏木村 · first_building Siege Workshop |
| 27:27 | N B · first_building Castle |
| 27:35 | BR · first_market_sell 500 wood |
| 27:50 | 敬爱与明天 · first_building Castle |
| 27:50 | AirMo 1688 · first_building Barracks |
| 28:08 | BR · first_building Barracks |
| 28:12 | Air me · first_building Siege Workshop |
| 28:23 | Agro · first_building Monastery |
| 28:24 | AirMo 1688 · first_building Stable |
| 28:30 | N B · first_building Barracks |
| 29:08 | Air me · first_building Castle |
| 29:30 | N B · first_building Siege Workshop |
| 29:51 | AirMo 1688 · age_up imperial |
| 30:28 | 敬爱与明天 · age_up imperial |
| 30:42 | AirMo 1688 · first_building Castle |
| 30:46 | BR · age_up imperial |
| 31:01 | Air me · wall_segment Stone Wall x13 |
| 31:17 | Air me · age_up imperial |
| 31:29 | N B · age_up imperial |
| 31:33 | N B · first_market_buy 100 wood |
| 31:35 | AirMo 1688 · first_market_sell 100 stone |
| 34:29 | Agro · first_building Barracks |
| 34:44 | knife · first_building Barracks |
| 34:46 | AirMo 1688 · first_building Archery Range |
| 35:15 | 拿捏木村 · wall_segment Stone Wall x3 |
| 35:19 | 拿捏木村 · wall_segment Stone Wall x2 |
| 35:22 | 拿捏木村 · wall_segment Stone Wall x1 |
| 35:44 | Air me · wall_segment Stone Wall x4 |
| 35:46 | 拿捏木村 · wall_segment Stone Wall x2 |
| 35:52 | 拿捏木村 · wall_segment Stone Wall x1 |
| 36:00 | 拿捏木村 · wall_segment Stone Wall x3 |
| 36:23 | N B · tribute_sent a jugador 1 |
| 36:23 | N B · tribute_sent a jugador 2 |
| 36:23 | N B · tribute_sent a jugador 3 |
| 36:23 | N B · tribute_sent a jugador 4 |
| 36:23 | N B · tribute_sent a jugador 5 |
| 36:23 | N B · tribute_sent a jugador 6 |
| 36:23 | N B · tribute_sent a jugador 7 |
| 36:33 | knife · first_building Archery Range |
| 36:35 | knife · first_building Stable |
| 36:45 | knife · age_up imperial |
| 36:45 | Agro · wall_segment Stone Wall x16 |
| 36:48 | Agro · age_up imperial |
| 36:52 | Agro · wall_segment Palisade Wall x1 |
| 36:59 | 拿捏木村 · first_building Barracks |
| 37:04 | N B · tribute_sent a jugador 1 |
| 37:04 | N B · tribute_sent a jugador 2 |
| 37:04 | N B · tribute_sent a jugador 3 |
| 37:04 | N B · tribute_sent a jugador 4 |
| 37:04 | N B · tribute_sent a jugador 5 |
| 37:04 | N B · tribute_sent a jugador 6 |
| 37:04 | N B · tribute_sent a jugador 7 |
| 37:30 | knife · wall_segment Stone Wall x1 |
| 38:05 | N B · first_building Archery Range |
| 38:24 | 敬爱与明天 · wall_segment Stone Wall x15 |
| 38:36 | Agro · first_market_buy 100 wood |
| 39:15 | knife · wall_segment Stone Wall x1 |
| 39:15 | knife · wall_segment Stone Wall x1 |
| 39:16 | 拿捏木村 · first_building Archery Range |
| 39:27 | 敬爱与明天 · wall_segment Stone Wall x8 |
| 39:32 | N B · tribute_sent a jugador 1 |
| 39:32 | N B · tribute_sent a jugador 2 |
| 39:32 | N B · tribute_sent a jugador 3 |
| 39:32 | N B · tribute_sent a jugador 4 |
| 39:32 | N B · tribute_sent a jugador 5 |
| 39:32 | N B · tribute_sent a jugador 6 |
| 39:32 | N B · tribute_sent a jugador 7 |
| 39:38 | 敬爱与明天 · wall_segment Stone Wall x9 |
| 39:39 | Agro · resign |
| 40:09 | 敬爱与明天 · wall_segment Stone Wall x2 |
| 40:27 | AirMo 1688 · tribute_sent a jugador 2 |
| 40:27 | AirMo 1688 · tribute_sent a jugador 3 |
| 40:27 | AirMo 1688 · tribute_sent a jugador 4 |
| 40:27 | AirMo 1688 · tribute_sent a jugador 5 |
| 40:27 | AirMo 1688 · tribute_sent a jugador 6 |
| 40:27 | AirMo 1688 · tribute_sent a jugador 7 |
| 40:27 | AirMo 1688 · tribute_sent a jugador 8 |
| 40:39 | AirMo 1688 · wall_segment Stone Wall x11 |
| 40:46 | knife · wall_segment Stone Wall x1 |
| 41:00 | knife · wall_segment Stone Wall x1 |
| 41:22 | N B · tribute_sent a jugador 1 |
| 41:22 | N B · tribute_sent a jugador 2 |
| 41:22 | N B · tribute_sent a jugador 3 |
| 41:22 | N B · tribute_sent a jugador 4 |
| 41:22 | N B · tribute_sent a jugador 5 |
| 41:22 | N B · tribute_sent a jugador 6 |
| 41:22 | N B · tribute_sent a jugador 7 |
| 41:37 | Air me · first_market_sell 500 food |
| 42:22 | 敬爱与明天 · wall_segment Stone Wall x8 |
| 43:18 | N B · wall_segment Stone Wall x1 |
| 43:20 | N B · wall_segment Stone Wall x1 |
| 43:22 | 敬爱与明天 · wall_segment Stone Wall x8 |
| 43:40 | AirMo 1688 · first_building Siege Workshop |
| 43:42 | N B · tribute_sent a jugador 1 |
| 43:42 | N B · tribute_sent a jugador 2 |
| 43:42 | N B · tribute_sent a jugador 3 |
| 43:42 | N B · tribute_sent a jugador 4 |
| 43:42 | N B · tribute_sent a jugador 5 |
| 43:42 | N B · tribute_sent a jugador 6 |
| 43:42 | N B · tribute_sent a jugador 7 |
| 43:56 | 敬爱与明天 · wall_segment Stone Wall x8 |
| 44:34 | 敬爱与明天 · wall_segment Stone Wall x7 |
| 45:19 | 拿捏木村 · age_up imperial |
| 45:42 | N B · wall_segment Stone Wall x1 |
| 45:44 | N B · wall_segment Stone Wall x1 |
| 45:44 | 敬爱与明天 · wall_segment Stone Wall x7 |
| 45:45 | N B · wall_segment Stone Wall x1 |
| 45:47 | N B · wall_segment Stone Wall x1 |
| 46:04 | 敬爱与明天 · wall_segment Stone Wall x8 |
| 46:51 | N B · tribute_sent a jugador 1 |
| 46:51 | N B · tribute_sent a jugador 2 |
| 46:51 | N B · tribute_sent a jugador 3 |
| 46:51 | N B · tribute_sent a jugador 4 |
| 46:51 | N B · tribute_sent a jugador 5 |
| 46:51 | N B · tribute_sent a jugador 6 |
| 46:51 | N B · tribute_sent a jugador 7 |
| 47:20 | 敬爱与明天 · tribute_sent a jugador 1 |
| 47:20 | 敬爱与明天 · tribute_sent a jugador 2 |
| 47:20 | 敬爱与明天 · tribute_sent a jugador 3 |
| 47:20 | 敬爱与明天 · tribute_sent a jugador 5 |
| 47:20 | 敬爱与明天 · tribute_sent a jugador 6 |
| 47:20 | 敬爱与明天 · tribute_sent a jugador 7 |
| 47:20 | 敬爱与明天 · tribute_sent a jugador 8 |
[ AI ANALYSIS · 1 CREDIT ]
What really happened in this match?
Wolo.gg analyzes every decision: build order, eco, micro, common mistakes by bracket. Personalized analysis on WhatsApp or Discord in 30 seconds.
Civ guide
Khmer
Perfil
Jugador #21592094